 Dungeon Crawl Stone Soup version 0.27-b1-42-g19c61b19a5 (webtiles) character file.

Game seed: 8535119254490249706

45 Rrauwl the Grasshopper (level 3, -1/29 HPs)
             Began as a Barachi Warper on July 28, 2021.
             Was an Initiate of Ashenzari.
             Slain by a scorpion (4 damage)
             ... on level 2 of the Dungeon.
             The game lasted 00:07:38 (1712 turns).

Rrauwl the Grasshopper (Barachi Warper)             Turns: 1712, Time: 00:07:38

Health: -1/29      AC:  7    Str: 12    XL:     3   Next: 64%
Magic:  6/6        EV:  9    Int: 13    God:    Ashenzari [......]
Gold:   74         SH:  0    Dex: 12    Spells: 7/7 levels left

rFire    . . .     SeeInvis .   e - +0 rapier
rCold    . . .     Faith    .   (no shield)
rNeg     . . .     Spirit   .   f - +0 scale mail
rPois    .         Reflect  .   (no helmet)
rElec    .         Harm     .   (no cloak)
rCorr    .         Rampage  .   (no gloves)
Will     .....                  b - +0 pair of boots
Stlth    ..........             (no amulet)
HPRegen  0.09/turn              (no ring)
MPRegen  0.10/turn              (no ring)

@: lethally poisoned (-1 -> -11), unable to hop, slow
A: amphibious, slowness 1, strong legs 1, +LOS
a: Hop, Renounce Religion, Curse Item


You were on level 2 of the Dungeon.
You worshipped Ashenzari.
Ashenzari was noncommittal.
You visited 1 branch of the dungeon, and saw 2 of its levels.

You collected 74 gold pieces.

Inventory:

Hand Weapons
 a - a +0 falchion
 e - a +0 rapier (weapon)
Missiles
 d - 2 boomerangs of dispersal (quivered)
Armour
 b - a +0 pair of boots (worn)
 f - a +0 scale mail (worn)
Scrolls
 c - a scroll of blinking
Potions
 g - a potion of brilliance


   Skills:
 + Level 3.0 Fighting
 + Level 2.9 Long Blades
 - Level 1.0 Throwing
 + Level 2.0 Armour
 + Level 2.5 Dodging
 + Level 2.5 Spellcasting
 + Level 3.6 Translocations


You had 7 spell levels left.
You didn't know any spells.
Your spell library contained the following spells:

 Spells                   Type           Power      Damage    Failure   Level
 Blink                    Tloc           N/A        N/A       38%         2
 Gell's Gravitas          Tloc           5%         N/A       63%         3
 Lesser Beckoning         Tloc           5%         N/A       63%         3
 Teleport Other           Tloc           11%        N/A       63%         3
 Manifold Assault         Tloc           11%        N/A       100%        5


Dungeon Overview and Level Annotations

Branches:
Dungeon (2/15)

Altars:
Ashenzari

Shops:
D:1 [

Annotations:
D:2 Robin


Innate Abilities, Weirdness & Mutations

You are amphibious.
You cover ground slowly.
You can hop short distances.
You have an extended range of vision and can be seen from far away.


Message History

Boing!
A scorpion and 2 goblins come into view.
The goblin shouts!
Robin throws the goblin at you! The goblin hits you but does no damage.
You open the door.
The hobgoblin no longer looks unusually strong.
The goblin hits you but does no damage.
There is an open door here.
A hobgoblin comes into view.
The goblin barely misses you.
The hobgoblin moves out of view.
Robin roars a battlecry!
The goblin goes into a battle-frenzy!
The goblin closely misses you.
You miss the goblin. The goblin hits you with a +0 club.
Throw: 5 boomerangs (disperse)
Press: ? - help, Q - select action, (/) - cycle Shift-Dir - straight line, f - scorpion
Aim: a scorpion (57% to hit)
You throw a boomerang of dispersal.
The boomerang of dispersal hits the goblin.
The goblin blinks!
You kill the goblin!
Throw: 4 boomerangs (disperse)
Press: ? - help, Q - select action, (/) - cycle Shift-Dir - straight line, f/p - scorpion
Aim: a scorpion (translocational energy, 57% to hit)
You throw a boomerang of dispersal.
The boomerang of dispersal hits the scorpion but does no damage.
The scorpion stings you.
* * * LOW HITPOINT WARNING * * *
You are lethally poisoned!
The scorpion poisons you!
The scorpion stings you but does no damage.
Throw: 3 boomerangs (disperse)
Press: ? - help, Q - select action, (/) - cycle Shift-Dir - straight line, f/p - scorpion
Aim: a scorpion (57% to hit)
You throw a boomerang of dispersal.
The boomerang of dispersal hits the scorpion but does no damage.
* * * LOW HITPOINT WARNING * * *
You feel very sick. The scorpion stings you.
You die...

#.......g#..........#
......g...#..####.##.#
.....###..g'.).....# #
...... #...#..#....#
......#...s.#..#....##+##
#.....#...#.......#
#...###g#.#.......##.#
#... #s#.#.......##.#
#... #@#........###.#
#### #+##.......# #.#
..........# #.#
..........# #.#
...........# #.#
....#.####.# #.#
...#.####.###.#
###............#
.......###.#######


You could see a scorpion and a goblin (strong).

Vanquished Creatures
  2 dart slugs (D:1)
  2 endoplasms (D:1)
  A giant cockroach (D:1)
  5 goblins
  4 hobgoblins (D:1)
  3 jackals (D:1)
  3 kobolds
  A quokka (D:1)
  3 ball pythons
  3 bats (D:1)
  4 frilled lizards
  6 rats
37 creatures vanquished.

Notes
Turn   | Place    | Note
-------+----------+-------------------------------------------
     0 | D:1      | Rrauwl the Barachi Warper began the quest for the Orb.
     0 | D:1      | Reached XP level 1. HP: 17/17 MP: 3/3
   332 | D:1      | Reached XP level 2. HP: 23/23 MP: 5/5
   477 | D:1      | Found a faded altar of an unknown god.
   485 | D:1      | Became a worshipper of Ashenzari the Shackled
   544 | D:1      | Found Gicso's Antique Armour Shoppe.
   835 | D:1      | Reached XP level 3. HP: 26/28 MP: 6/6
  1678 | D:2      | Noticed Robin
  1700 | D:2      | Noticed a scorpion
  1712 | D:2      | Slain by a scorpion

Illustrated notes

Levels and vault maps discovered:
D:1:      dpeg_arrival_tiny_a, layout_basic, serial_shops, shop_fountains,
          basic_ecumenical_altar, item_on_display_a
D:2:      layout_basic, basic_altar, uniq_robin, uniq_crazy_yiuf_cottage

Skill      XL: |  1  2  3 |
---------------+----------+-----
Fighting       | 3 |  3.0
Armour         | 2 |  2.0
Long Blades    | |  2.9
Throwing       | |  1.0
Dodging        | |  2.5
Spellcasting   | |  2.5
Translocations | |  3.6

Action                   || total
-------------------------++-------
Melee: Falchion          ||    21
       Rapier            ||   105
Throw: Boomerang         ||     3
 Abil: Hop               ||     1
  Use: Potion            ||     1
 Stab: Distracted        ||     1
Armor: Leather armour    ||    13
       Scale mail        ||    45
Dodge: Dodged            ||    63
       Rpst.: Falchion   ||     2
